 Dungeon Crawl Stone Soup version 0.20.1-1-g8b1a95d (webtiles) character file.

2544 vineage the Cleaver (level 9, 0/85 HPs)
             Began as a Minotaur Fighter on July 24, 2017.
             Slain by a hornet (6 damage)
             ... on level 7 of the Dungeon.
             The game lasted 00:17:12 (6025 turns).

vineage the Cleaver (Minotaur Fighter)              Turns: 6025, Time: 00:17:14

Health: 0/85       AC:  9    Str: 23    XL:     9   Next: 30%
Magic:  8/8        EV:  9    Int:  5    God:
Gold:   413        SH: 11    Dex: 11    Spells: 8/8 levels left

rFire    . . .     SeeInvis .   a - +1 war axe
rCold    + . .     Gourm    .   c - +1 shield
rNeg     . . .     Faith    .   b - +0 scale mail
rPois    .         Spirit   .   (helmet restricted)
rElec    .         Reflect  .   (no cloak)
rCorr    .         Harm     .   s - +0 pair of gloves
MR       .....                  (no boots)
Stlth    ..........             o - amulet of magic regeneration
Regen    0.3/turn               j - ring of protection from fire
MPRegen  0.2/turn               l - ring of ice

@: lethally poisoned (0 -> -10), about to teleport, slowed, very slow
A: retaliatory headbutt, beak, horns 2, blurry vision 1, robust 1
a: no special abilities


You were on level 7 of the Dungeon.
You were not hungry.

You visited 1 branch of the dungeon, and saw 7 of its levels.

You collected 413 gold pieces.

Inventory:

Hand Weapons
 a - a +1 war axe (weapon)
 e - a +2 whip of flaming
 g - a +0 dire flail of draining
 h - a -3 hand axe
 v - a +2 quarterstaff of chaos
Armour
 b - a +0 scale mail (worn)
 c - a +1 shield (worn)
 i - a -1 leather armour
 s - a +0 pair of gloves (worn)
Jewellery
 j - a ring of protection from fire (left hand)
 l - a ring of ice (right hand)
 o - an amulet of magic regeneration (around neck)
 q - an uncursed ring of flight {unknown}
Scrolls
 d - 2 scrolls of remove curse
 m - 2 scrolls of teleportation
 r - a scroll of identify
Potions
 k - a potion of degeneration {unknown}
 t - a potion of brilliance {unknown}
 w - a potion of berserk rage {unknown}
Comestibles
 f - 4 bread rations
 n - 3 fruits
 p - a meat ration


   Skills:
 + Level 6.5 Fighting
 + Level 10.1 Axes
 + Level 7.8 Armour
 + Level 3.2 Dodging
 + Level 2.0 Stealth
 + Level 6.6 Shields


You had 8 spell levels left.
You didn't know any spells.

Dungeon Overview and Level Annotations

Branches:
Dungeon (7/15)
 Temple: D:4-7

Altars:
Ashenzari
Elyvilon
Hepliaklqana
Makhleb
Nemelex Xobeh
Ru
Yredelemnul
The Shining One

Shops:
D:6 }


Innate Abilities, Weirdness & Mutations

You reflexively headbutt those who attack you in melee.
You have a pair of horns on your head.
You have a beak for a mouth.
Scrolls take you a little longer to read.
You are robust. (+10% HP)


Message History

You block the hornet's attack.
You miss the hornet. Your headbutt misses the hornet.
Your peck misses the hornet.
The hornet is almost dead.
You feel sick. You block the hornet's attack. The hornet stings you.
* * * LOW HITPOINT WARNING * * *
You are lethally poisoned!
You feel as though you will be slow longer.
You block the hornet's attack.
Really read with blurry vision while enemies are nearby?
* * * LOW HITPOINT WARNING * * *
You feel sick. You block the hornet's attack.
You begin reading the scroll.
You continue reading the scroll.
* * * LOW HITPOINT WARNING * * *
You feel sick. You block the hornet's attack. x2
As you read the scroll of teleportation, it crumbles to dust.
You feel strangely unstable.
* * * LOW HITPOINT WARNING * * *
You feel sick. The hornet stings you.
You die...

+...... ####### #######
#### #.....# #....
#.###.#
#.....#############.#<#.#
......)y@................
#.....#############...#..
#.... #####.. #... #....
### #.#.# #.#.# . #.###
.. #. # ... #.# #


You could see a hornet.

Vanquished Creatures
  Pikel (D:6)
  Grinder (D:3)
  2 hippogriffs (D:7)
  Menkaure (D:6)
  An orc warrior (D:7)
  A slave (D:5)
  2 sky beasts
  3 ogres
  A bullfrog (D:7)
  The ghost of vineage the Covered, a weakling MiFi (D:3)
  3 howler monkeys
  A crimson imp (D:6)
  A bullfrog zombie (D:5)
  2 hounds (D:4)
  3 orc priests
  6 orc wizards
  Crazy Yiuf (D:6)
  An iguana (D:4)
  A worker ant (D:6)
  Robin (D:3)
  A howler monkey skeleton (D:5)
  3 adders
  A shadow imp (D:6)
  2 adder skeletons
  4 worms
  4 leopard geckos
  24 orcs
  8 giant cockroaches
  17 goblins
  8 hobgoblins
  3 jackals (D:6)
  6 kobolds
  A quokka (D:7)
  4 ball pythons
  7 bats
  4 frilled lizards
  A leopard gecko skeleton (D:5)
  A quokka zombie (D:6)
  6 rats
  2 fungi (D:6)
141 creatures vanquished.

Vanquished Creatures (others)
  An orc wizard (D:4)
1 creature vanquished.

Grand Total: 142 creatures vanquished

Notes
Turn   | Place    | Note
-------+----------+-------------------------------------------
     0 | D:1      | vineage the Minotaur Fighter began the quest for the Orb.
     0 | D:1      | Reached XP level 1. HP: 19/19 MP: 0/0
   191 | D:1      | Reached XP level 2. HP: 26/27 MP: 1/1
  1189 | D:2      | Reached XP level 3. HP: 33/33 MP: 2/2
  1361 | D:3      | Reached skill level 3 in Axes
  1500 | D:3      | Noticed Grinder
  1502 | D:3      | Noticed Robin
  1526 | D:3      | Paralysed by Grinder for 5 turns
  1598 | D:3      | Killed Robin
  1598 | D:3      | Reached XP level 4. HP: 5/40 MP: 3/3
  2323 | D:3      | Paralysed by Grinder for 5 turns
  2334 | D:3      | Killed Grinder
  2334 | D:3      | Reached skill level 5 in Axes
  2334 | D:3      | Reached skill level 1 in Dodging
  2334 | D:3      | Reached skill level 5 in Shields
  2334 | D:3      | Reached XP level 5. HP: 13/46 MP: 4/4
  2334 | D:3      | Reached XP level 6. HP: 15/52 MP: 5/5
  2608 | D:3      | Gained mutation: You have a beak for a mouth. [potion of mutation]
  2608 | D:3      | Gained mutation: Scrolls take you a little longer to read. [potion of mutation]
  2608 | D:3      | Gained mutation: You are robust. (+10% HP) [potion of mutation]
  2784 | D:3      | Noticed vineage's ghost (weakling MiFi)
  2795 | D:3      | Killed vineage's ghost
  2795 | D:3      | Reached skill level 5 in Armour
  3569 | D:4      | Reached skill level 6 in Axes
  3569 | D:4      | Reached XP level 7. HP: 26/66 MP: 6/6
  3583 | D:4      | Reached skill level 5 in Fighting
  3952 | D:5      | Entered Level 5 of the Dungeon
  4006 | D:5      | Noticed Pikel
  4043 | D:6      | HP: 2/67 [Pikel/whip of flaming (6)]
  4044 | D:6      | Killed Pikel
  4044 | D:6      | Reached skill level 8 in Axes
  4044 | D:6      | Reached skill level 1 in Stealth
  4044 | D:6      | Reached XP level 8. HP: 3/75 MP: 7/7
  4417 | D:6      | Found a hazy altar of Hepliaklqana.
  4483 | D:6      | Found a sacrificial altar of Ru.
  4483 | D:6      | Found a burning altar of Makhleb.
  4488 | D:6      | Found a glowing golden altar of the Shining One.
  4488 | D:6      | Found a white marble altar of Elyvilon.
  4489 | D:6      | Found a sparkling altar of Nemelex Xobeh.
  4489 | D:6      | Found a basalt altar of Yredelemnul.
  4489 | D:6      | Found a hazy altar of Hepliaklqana.
  4532 | D:6      | Found a runed door.
  5017 | D:6      | Found Juedghit's Gadget Shop.
  5034 | D:6      | Noticed Menkaure
  5046 | D:6      | Killed Menkaure
  5336 | D:6      | Noticed Crazy Yiuf
  5343 | D:6      | Killed Crazy Yiuf
  5343 | D:6      | Reached skill level 9 in Axes
  5651 | D:7      | Found a shattered altar of Ashenzari.
  5684 | D:7      | Noticed a hippogriff
  5688 | D:7      | Killed a hippogriff
  5688 | D:7      | Reached XP level 9. HP: 75/82 MP: 8/8
  6005 | D:7      | Reached skill level 10 in Axes
  6012 | D:7      | Paralysed by a hornet for 3 turns
  6025 | D:7      | Slain by a hornet

Skill      XL: |  1  2  3  4  5  6  7  8  9 |
---------------+----------------------------+-----
Shields        | 4 5 6 |  6.6
Axes           | 3 5 6 8 9 10 | 10.1
Armour         | 4 5 6 7 |  7.8
Fighting       | 4 5 6 |  6.5
Dodging        | 1 2 3 |  3.2
Stealth        | 1 2 |  2.0

Action                   |  1- 3 |  4- 6 |  7- 9 || total
-------------------------+-------+-------+-------++-------
Melee: War axe           |    69 |    82 |   171 ||   322
       Headbutt          |    15 |    16 |    45 ||    76
       Hand axe          |    38 |       |       ||    38
       Peck              |       |    10 |    28 ||    38
  Use: Scroll            |     8 |       |     5 ||    13
       Potion            |     5 |     3 |     4 ||    12
 Stab: Invisible         |     2 |       |     2 ||     4
  Eat: Meat ration       |     2 |       |       ||     2
       Bread ration      |       |       |     2 ||     2
       Chunk             |       |       |     1 ||     1
Armor: Scale mail        |    77 |    33 |    41 ||   151
Dodge: Dodged            |    49 |    19 |    61 ||   129
Block: Shield            |    87 |    39 |    78 ||   204
